 Dungeon Crawl Stone Soup version 0.21-a0-442-g848f44b (webtiles) character file.

9 slep the Magician (level 2, 0/15 HPs)
             Began as a Vine Stalker Wanderer on Nov 16, 2017.
             Slain by a rat (1 damage)
             ... on level 1 of the Dungeon.
             The game lasted 00:01:23 (87 turns).

slep the Magician (Vine Stalker Wanderer)             Turns: 87, Time: 00:01:24

Health: 0/15       AC:  2    Str: 13    XL:     2   Next: 12%
Magic:  0/9        EV: 11    Int: 13    God:
Gold:   12         SH:  0    Dex: 13    Spells: 12/12 levels left

rFire    . . .     SeeInvis .   e - +0 club
rCold    . . .     Gourm    .   (no shield)
rNeg     . . .     Faith    .   d - +0 robe
rPois    .         Spirit   +   (no helmet)
rElec    .         Reflect  .   (no cloak)
rCorr    .         Harm     .   (no gloves)
MR       .....                  (no boots)
Stlth    +.........             (no amulet)
HPRegen  0.05/turn              (no ring)
MPRegen  0.11/turn              (no ring)

@: no status effects
A: fangs 2, magic shield, antimagic bite, no potion heal 3, rot immunity
a: no special abilities


You were on level 1 of the Dungeon.
You were not hungry.

You visited 1 branch of the dungeon, and saw 1 of its levels.

You collected 12 gold pieces.

Inventory:

Hand Weapons
 e - a +0 club (weapon)
Armour
 d - a +0 robe (worn)
Potions
 c - a potion of curing
Books
 a - a book of Minor Magic

   Spells                             Type                      Level
   a - Magic Dart                     Conjuration                  1
   b - Blink                          Translocation                2
   c - Call Imp                       Summoning                    2
   d - Slow                           Hexes                        2
   e - Conjure Flame                  Conjuration/Fire             3
   f - Mephitic Cloud                 Conjuration/Poison/Air       3
 b - Yxzayhil's Catalogue of Calling

   Spells                             Type                      Level
   a - Summon Butterflies             Summoning                    1
   b - Call Canine Familiar           Summoning                    3
Comestibles
 f - a bread ration


   Skills:
 + Level 1.7 Fighting
 + Level 0.2 Maces & Flails
   Level 1.0 Bows
 + Level 0.4 Dodging
   Level 1.0 Shields
 + Level 5.7 Spellcasting
   Level 1.0 Evocations


You had 12 spell levels left.
You didn't know any spells.

Dungeon Overview and Level Annotations

Branches:
Dungeon (1/15)

Altars:


Innate Abilities, Weirdness & Mutations

You have extremely sharp teeth.
When hurt, damage is shared between your health and your magic reserves.
Your bite disrupts and absorbs the magic of your enemies.
Potions cannot restore your health.
You are immune to rotting.


Message History

You see here a dart slug corpse.
You closely miss the goblin. Your bite misses the goblin.
The goblin misses you.
You hit the goblin.
The goblin is heavily wounded.
The goblin misses you.
The rat bites the plant.
The goblin hits you with a dagger.
* * * LOW HITPOINT WARNING * * *
The rat bites the plant but does no damage.
You hit the goblin. Your bite misses the goblin.
The goblin is severely wounded.
The goblin hits you with a dagger.
* * * LOW HITPOINT WARNING * * *
The rat bites the plant but does no damage.
You hit the goblin.
You kill the goblin!
You hit the rat but do no damage. The rat bites you.
* * * LOW HITPOINT WARNING * * *
The rat bites you.
You die... ........K....#...## ..... ..................###..... ...!.......).......#...... ........................... ...........r..........).... .........(.†...>............ ........##(###K...!.......(. ......PPPPPPPPrPPPPPPPP.....

......PPPPPP.@...PPPPPP.....
#..[.#PPPP.†PPPPP..PPPP(....
....#.PPP.PPP...PPP.PPP.....
##.?..PPP.PP.PPP.PP.PPP.....
#..##PP.PP.PP.PP.PP.PP.....
. #PP.P.PP.P.PP.P.PP.....
#PP.P.P.PPP.P.P.PP.....
#PP.P.PP.P.PP.P.PP.....


#PP.PP.PP.PP.PP.PP....# You could see a kobold and a rat.

Vanquished Creatures
  A dart slug (D:1)
  A leopard gecko (D:1)
  A giant cockroach (D:1)
  A goblin (D:1)
  A bat (D:1)
  A frilled lizard (D:1)
6 creatures vanquished.

Notes
Turn   | Place    | Note
-------+----------+-------------------------------------------
     0 | D:1      | slep the Vine Stalker Wanderer began the quest for the Orb.
     0 | D:1      | slep set off with: a book of Minor Magic, Yxzayhil's Catalogue of Calling, a potion of curing, a +0 robe, a +0 club, a bread ration
     0 | D:1      | Reached XP level 1. HP: 11/11 MP: 7/7
    67 | D:1      | Reached XP level 2. HP: 5/15 MP: 3/9
    87 | D:1      | Slain by a rat

Vault maps used:
D:1:      roderic_crop_circles_arrival_small, minmay_misc_feat_ornament,
          minmay_tetromino_o2

Action                   || total
-------------------------++-------
Melee: Club              ||    31
       Bite              ||     6
Armor: Robe              ||     3
Dodge: Dodged            ||    30

Table legend:
 A = Spawn XP
 B = Non-spawn XP
 C = Spawn XP percentage of total XP
 D = Spawn monster count
 E = Non-spawn monster count
 F = Spawn count percentage of total count
 G = Total turns spent on level
                    A         B        C        D         E        F      G
               +---------+---------+-------+---------+---------+-------+---------
         Total |       0 |      13 |   0.0 |       0 |       6 |   0.0 |    87
               +---------+---------+-------+---------+---------+-------+---------
           D:1 |       0 |      13 |   0.0 |       0 |       6 |   0.0 |    87
               +---------+---------+-------+---------+---------+-------+---------
